 Dungeon Crawl Stone Soup version 0.25-a0-523-g9afb2ee040 (webtiles) character file.

Game seed: 17354280854269205450, levelgen mode: deterministic

129761 Flugslaktarn the Severer (level 16, 0/151 HPs)
             Began as a Deep Dwarf Fighter on Feb 18, 2020.
             Was the Champion of Makhleb.
             Slain by a merfolk impaler
             ... wielding a +1 demon trident of venom
              (8 damage)
             ... on level 2 of the Shoals.
             The game lasted 00:14:16 (13973 turns).

Flugslaktarn the Severer (Deep Dwarf Fighter)      Turns: 13973, Time: 00:14:17

Health: 0/151      AC: 27    Str: 25    XL:     16   Next: 21%
Magic:  9/9        EV:  5    Int: 11    God:    Makhleb [******]
Gold:   149        SH: 14    Dex: 14    Spells: 15/15 levels left

rFire    + + .     SeeInvis +   a - +3 broad axe (vamp)
rCold    + + .     Gourm    .   c - +0 kite shield
rNeg     + . .     Faith    +   W - +1 gold dragon scales of Wu Jian's Regard {rPois rF+ rC+ Dex+2}
rPois    +         Spirit   .   (helmet restricted)
rElec    .         Reflect  .   H - scarf {rC+ rF+}
rCorr    .         Harm     .   U - +3 pair of gloves "Efului" {Slay+2 Stlth+}
MR       +++..                  I - +1 pair of boots {run}
Stlth    ..........             y - amulet of faith
HPRegen  0.00/turn              i - ring of see invisible
MPRegen  0.11/turn              m - ring of protection from magic

@: lethally poisoned (0 -> -12), about to teleport, engulfed (cannot breathe),
mesmerised, non-regenerating, quick
A: damage resistance, heal wounds, horns 1, low mp 1, negative energy resistance
1, sense surroundings 2, no regeneration
}: 1/15 runes: serpentine
a: Heal Wounds, Minor Destruction, Lesser Servant of Makhleb, Major Destruction,
Greater Servant of Makhleb, Renounce Religion


You were on level 2 of the Shoals.
You worshipped Makhleb.
Makhleb was exalted by your worship.
You were not hungry.

You visited 5 branches of the dungeon, and saw 26 of its levels.
You also visited: Sewer, Ossuary and Bailey.

You collected 1495 gold pieces.
You spent 1346 gold pieces at shops.

Inventory:

Hand Weapons
 a - a +3 vampiric broad axe (weapon)
   (You took it off a death knight on level 11 of the Dungeon)
 b - a +1 hand axe of flaming
   (You took it off an orc on level 6 of the Dungeon)
 s - a +1 vorpal broad axe
   (You took it off an orc warrior in a bailey)
Armour
 c - a +0 kite shield (worn)
 g - a +1 plate armour of magic resistance
   (You took it off an orc warrior on level 10 of the Dungeon)
 x - a +0 cloak
   (You found it on level 7 of the Dungeon)
 A - a scarf of cloud immunity
   (You found it on level 7 of the Dungeon)
 H - a scarf of resistance (worn)
   (You found it on level 12 of the Dungeon)
 I - a +1 pair of boots of running (worn)
   (You found it on level 4 of the Snake Pit)
 Q - +0 fire dragon scales
   (You found it on level 15 of the Dungeon)
 U - the +3 pair of gloves "Efului" (worn) {Slay+2 Stlth+}
   (You found it on level 3 of the Lair of Beasts)

   It affects your accuracy and damage with ranged weapons and melee attacks
   (+2).
   It makes you more stealthy.
   If you remove this armour, your AC will decrease by 5 (27 -> 22).
 W - the +1 gold dragon scales of Wu Jian's Regard (worn) {rPois rF+ rC+ Dex+2}
   (You bought it in a shop on level 1 of the Snake Pit)

   It affects your dexterity (+2).
   It protects you from fire.
   It protects you from cold.
   It protects you from poison.
   If you remove this armour, your AC will decrease by 20 (27 -> 7).
Jewellery
 i - a ring of see invisible (left hand)
   (You found it on level 9 of the Dungeon)
 m - a ring of protection from magic (right hand)
   (You found it on level 2 of the Lair of Beasts)
 y - an amulet of faith (around neck)
   (You found it on level 7 of the Dungeon)
 V - a +3 amulet of reflection {unknown}
   (You found it on level 4 of the Lair of Beasts)
Wands
 v - a wand of digging (5)
   (You found it on level 5 of the Dungeon)
 J - a wand of scattershot (4)
   (You found it on level 13 of the Dungeon)
 M - a wand of paralysis (29)
   (You found it on level 5 of the Dungeon)
Scrolls
 k - 4 scrolls of magic mapping
 l - a scroll of fear
 o - a scroll of silence
 t - 6 scrolls of teleportation
 u - a scroll of vulnerability
 z - a scroll of fog
 B - 3 scrolls of enchant armour
 F - 5 scrolls of remove curse
 G - 5 scrolls of amnesia
 K - a scroll of holy word
 L - a scroll of enchant weapon
 N - 2 scrolls of immolation
 O - a scroll of summoning
 S - a scroll of brand weapon
Potions
 d - 4 potions of might
 f - 3 potions of mutation
 h - 2 potions of haste
 j - 3 potions of cancellation
 n - 2 potions of resistance
 p - 2 potions of stabbing
 q - a potion of curing
 w - a potion of heal wounds
 C - 4 potions of ambrosia
 D - 2 potions of berserk rage
 E - 4 potions of lignification
 P - 2 potions of brilliance
 R - a potion of magic {unknown}
 T - a potion of flight
Comestibles
 e - 55 rations


   Skills:
 + Level 11.6 Fighting
 * Level 17.8 Axes
 + Level 13.5 Armour
 + Level 13.5 Shields
 - Level 15.0 Invocations


You had 15 spell levels left.
You didn't know any spells.
Your spell library was empty.

Dungeon Overview and Level Annotations

Branches:
Dungeon (15/15)            Temple (1/1) D:6            Lair (4/6) D:11
 Shoals (2/4) Lair:4        Snake (4/4) Lair:4          Orc (0/2) D:10
 Vaults (0/5) D:13         Depths (0/5) D:15          Sewer (visited)
Ossuary (visited)          Bailey (visited)

Altars:
Ashenzari
Cheibriados
Dithmenos
Elyvilon
Fedhas
Gozag
Hepliaklqana
Kikubaaqudgha
Makhleb
Nemelex Xobeh
Okawaru
Qazlal
Ru
Sif Muna
Trog
Uskayaw
Vehumet
Wu Jian
Xom
Zin
The Shining One
Beogh

Shops:
D:9 }}(:   Shoals:1 :   Snake:1 [

Annotations:
D:12 1 runed translucent door, Flugslaktarn's ghost, journeyman DDFi
D:14 2 transporters, Flugslaktarn's ghost, journeyman DDFi
Shoals:1 Rijenev's ghost, journeyman MiFi
Shoals:2 Polyphemus
Snake:4 Louise


Innate Abilities, Weirdness & Mutations

You are resistant to damage.
You can heal yourself by infusing magical energy.
You resist negative energy. (rN+)
You passively map the area around you.
You do not regenerate.
You have a pair of small horns on your head.
Your magical capacity is low. (-10% MP)


Message History

The water elemental is almost destroyed.
Your gold dragon scales of Wu Jian's Regard prevents you from hitting the water elemental.
Your gold dragon scales of Wu Jian's Regard prevents you from hitting the merfolk aquamancer.
You slash the death yak!
You feel better.
You slash the death yak!
You feel better.
You hit the merfolk impaler. You hit Polyphemus.
Your lungs strain for air!
You feel sick.
The merfolk aquamancer points at you and mumbles some strange words.
The shard of ice hits you!! You partially resist.
* * * LOW HITPOINT WARNING * * *
The merfolk siren chants its luring song.
The merfolk avatar chants a haunting song.
You easily resist.
The merfolk impaler hits you from afar with a +0 vorpal trident.
* * * LOW HITPOINT WARNING * * *
You block the death yak's attack. You block the water elemental's attack.
The merfolk avatar chants a haunting song.
You resist with almost no effort.
The merfolk impaler hits you with a +1 demon trident of venom!
You die...

≈ ≈ , , , ≈ ≈ ≈≈≈ ,
≈≈≈≈≈≈≈...# , ≈
.≈≈≈≈≈≈....# * ≈ ≈
,, ..≈≈≈≈≈≈.... , *
, ≈ ≈ ,,
....≈≈≈≈.?.###*## ≈
, ,
,...≈≈≈m≈.....#...
, ,
,..≈≈≈≈≈≈≈........
* , ≈ ≈ ≈
^≈≈≈≈≈tE.Emm..m. *
* * ≈ *
#≈≈≈Em@C...≈≈. * ,
≈##?.EYYmY>≈≈≈., ,
≈ ... ##..≈m≈≈≈.≈≈≈
, ≈ ≈ ≈!.
#.m≈≈≈≈≈≈≈≈≈ ≈ ≈ ≈≈
≈.?≈ #..m≈≈≈≈m≈≈. ,
≈
≈.≈≈≈.#≈≈≈≈≈≈≈≈Y≈.
≈ , ≈ ≈ ≈
..≈.≈#≈≈Y≈†≈≈≈m≈≈
≈≈ * ≈
≈.≈..≈≈≈≈(C≈≈≈≈≈≈≈≈
≈ ≈≈ ≈
≈...≈≈≈≈≈C≈≈≈≈≈≈≈ ≈
* *


You could see Polyphemus, 2 merfolk avatars, 2 merfolk impalers, 4 death yaks, a
merfolk aquamancer, a snapping turtle, 5 merfolk, a cyclops, 4 water elementals,
a merfolk siren and a dream sheep.

Vanquished Creatures
  7 nagarajas (Snake:4)
  Aizul (Snake:1)
  An ironheart preserver (D:13)
  Nessos (Lair:4)
  A merfolk impaler (Shoals:1)
  3 fire dragons
  Erolcha (D:12)
  10 naga warriors
  A hydra (D:15)
  5 anacondas
  5 centaur warriors
  2 death knights
  5 two-headed ogres
  3 tengu warriors
  17 naga sharpshooters
  5 shock serpents
  7 sea snakes (Shoals:1)
  3 unseen horrors
  4 naga ritualists
  An orc knight (Bailey)
  8 harpies
  A deep elf mage (D:14)
  An orc sorcerer (D:14)
  A salamander (Snake:4)
  10 fauns (Shoals:1)
  3 manticores
  5 cyclopes
  2 mana vipers
  6 ugly things
  5 merfolk sirens (Shoals:1)
  10 black mambas
  3 guardian serpents
  16 naga magi
  2 spiny frogs
  2 gargoyles
  3 rime drakes
  A komodo dragon (D:14)
  A komodo dragon (shapeshifter) (D:15)
  A queen bee (shapeshifter) (D:15)
  6 trolls
  3 meliai (D:13)
  6 merfolk (Shoals:1)
  A queen bee (D:13)
  2 wind drakes (Shoals:1)
  9 slime creatures
  3 blink frogs (Lair:3)
  6 dream sheep
  2 hippogriffs (Shoals:1)
  3 snapping turtles
  2 shadows (D:12)
  21 yaks
  2 water elementals
  4 wraiths
  3 wyverns
  2 basilisks
  A hungry ghost (D:12)
  36 nagas
  4 water moccasins
  An acid dragon (D:15)
  6 porcupines
  Purgy (Sewer)
  4 ice beasts
  2 eyes of draining
  16 orc warriors
  3 sky beasts
  A phantom (D:4)
  7 ogres
  3 black bears
  35 centaurs
  A necrophage (D:11)
  4 wolves (Lair:3)
  3 crocodiles
  3 big kobolds
  4 bullfrogs
  2 wyvern zombies
  5 scorpions
  26 killer bees
  5 wights (D:15)
  An electric eel (Lair:4)
  A howler monkey (D:9)
  A bullfrog zombie (D:12)
  4 centaur zombies
  5 crimson imps
  2 human zombies (Ossuary)
  17 jellies
  10 hounds
  A gnoll shaman (D:5)
  4 centaur skeletons
  2 bullfrog skeletons
  16 orc wizards
  16 orc priests
  3 iguanas
  A killer bee zombie (D:9)
  5 worker ants
  A big kobold zombie (Ossuary)
  A hound skeleton (D:8)
  5 mummies (Ossuary)
  2 worker ant zombies (D:5)
  Robin (D:3)
  10 adders
  12 gnolls
  A river rat (D:6)
  3 shadow imps
  18 oozes
  An adder skeleton (D:8)
  2 worms (D:6)
  A dart slug (D:5)
  5 leopard geckos
  53 orcs
  A ball python (D:4)
  5 giant cockroaches
  A gnoll zombie (Ossuary)
  11 hobgoblins
  15 jackals
  15 kobolds
  4 quokkas
  A bat (D:3)
  2 frilled lizards
  13 goblins
  A goblin zombie (Ossuary)
  A hobgoblin zombie (Ossuary)
  A jackal zombie (D:8)
  A kobold zombie (Ossuary)
  2 leopard gecko skeletons
  A leopard gecko zombie (D:7)
  A quokka skeleton (D:5)
  2 rats (D:3)
  A fungus (Lair:1)
  4 plants (D:11)
700 creatures vanquished.

Vanquished Creatures (collateral kills)
  A phantasmal warrior (D:11)
  An oklob plant (D:11)
  A wraith (D:11)
  2 plants (D:11)
5 creatures vanquished.

Vanquished Creatures (others)
  An orc wizard (D:11)
  5 fungi
  A plant (Lair:3)
7 creatures vanquished.

Grand Total: 712 creatures vanquished

Notes
Turn   | Place    | Note
-------+----------+-------------------------------------------
     0 | D:1      | Flugslaktarn the Deep Dwarf Fighter began the quest for the
                  | Orb.
     0 | D:1      | Reached XP level 1. HP: 20/20 MP: 1/1
    85 | D:1      | Reached XP level 2. HP: 24/27 MP: 2/2
   289 | D:3      | Found an ornate altar of the Wu Jian Council.
   391 | D:4      | Reached skill level 3 in Axes
   391 | D:4      | Reached XP level 3. HP: 28/34 MP: 3/3
   404 | D:4      | Reached XP level 4. HP: 34/42 MP: 4/4
   474 | D:5      | Entered Level 5 of the Dungeon
   503 | D:5      | Reached skill level 4 in Axes
   508 | D:5      | Reached XP level 5. HP: 18/49 MP: 4/4
   631 | D:4      | Found a shadowy altar of Dithmenos.
   897 | D:4      | Noticed a phantom
   945 | D:4      | Killed a phantom
   945 | D:4      | Reached XP level 6. HP: 50/57 MP: 4/4
  1252 | D:5      | Reached skill level 5 in Axes
  1253 | D:5      | Found a snail-covered altar of Cheibriados.
  1385 | D:5      | Reached XP level 7. HP: 40/64 MP: 5/5
  1398 | D:5      | Found a shadowy altar of Dithmenos.
  1412 | D:5      | Reached skill level 5 in Armour
  1412 | D:5      | Reached skill level 5 in Shields
  1531 | D:5      | Reached skill level 6 in Axes
  1850 | D:6      | Found a glowing drain.
  1943 | D:6      | Reached XP level 8. HP: 47/73 MP: 5/5
  2025 | Sewer    | Entered a sewer
  2049 | Sewer    | Noticed Purgy
  2063 | Sewer    | Killed Purgy
  2063 | Sewer    | Reached skill level 7 in Axes
  2284 | D:6      | Found a sparkling altar of Nemelex Xobeh.
  2391 | D:6      | Found a staircase to the Ecumenical Temple.
  2397 | D:6      | Found a shattered altar of Ashenzari.
  2410 | Temple   | Entered the Ecumenical Temple
  2768 | D:7      | Reached skill level 5 in Fighting
  2989 | D:7      | Found a flagged portal.
  3006 | Bailey   | Entered a bailey
  3017 | Bailey   | Gained mutation: Your magical capacity is low. (-10% MP)
                  | [potion of mutation]
  3017 | Bailey   | Gained mutation: You have a pair of small horns on your
                  | head. [potion of mutation]
  3038 | Bailey   | Reached skill level 8 in Axes
  3057 | Bailey   | Noticed an orc knight
  3112 | Bailey   | Gained mutation: You passively map the area around you.
                  | [Deep Dwarf growth]
  3112 | Bailey   | Reached XP level 9. HP: 48/81 MP: 2/2
  3114 | Bailey   | Killed an orc knight
  3114 | Bailey   | Reached skill level 9 in Axes
  3522 | D:8      | Found a sand-covered staircase.
  3527 | Ossuary  | Entered an ossuary
  3814 | D:8      | Noticed a two-headed ogre
  3822 | D:8      | Killed a two-headed ogre
  3822 | D:8      | Reached skill level 10 in Axes
  3939 | D:8      | Noticed a two-headed ogre
  3946 | D:8      | Reached XP level 10. HP: 66/92 MP: 2/2
  3949 | D:8      | Killed a two-headed ogre
  4520 | D:3      | Found a hazy altar of Hepliaklqana.
  4580 | D:3      | Noticed Robin
  4584 | D:3      | Killed Robin
  4697 | D:3      | Found a burning altar of Makhleb.
  4818 | D:3      | Became a worshipper of Makhleb the Destroyer
  5073 | D:9      | Found Uloanaadd's Book Boutique.
  5077 | D:9      | Found Yto Afiq's Gadget Boutique.
  5078 | D:9      | Found Roja's Gadget Boutique.
  5079 | D:9      | Found Jafogiru's Weapon Boutique.
  5099 | D:9      | Found a white marble altar of Elyvilon.
  5152 | D:9      | Reached skill level 1 in Invocations
  5191 | D:9      | Found an ornate altar of the Wu Jian Council.
  5287 | D:9      | Found an iron altar of Okawaru.
  5494 | D:9      | Reached * piety under Makhleb
  5586 | D:10     | Entered Level 10 of the Dungeon
  5593 | D:10     | Reached skill level 11 in Axes
  5622 | D:10     | Found a staircase to the Orcish Mines.
  5728 | D:10     | Found a roughly hewn altar of Beogh.
  5823 | D:10     | Reached ** piety under Makhleb
  5823 | D:10     | Reached skill level 5 in Invocations
  5876 | D:10     | Reached XP level 11. HP: 49/100 MP: 4/4
  6294 | D:11     | Reached *** piety under Makhleb
  6381 | D:11     | Noticed an unseen horror
  6587 | D:11     | Noticed an oklob plant
  6589 | D:11     | Found a staircase to the Lair.
  6632 | D:11     | Killed an unseen horror
  6645 | D:11     | Reached **** piety under Makhleb
  6660 | D:11     | Reached skill level 12 in Axes
  7061 | D:11     | Killed an oklob plant
  7125 | D:12     | Noticed a death knight
  7129 | D:12     | Noticed a phantasmal warrior
  7150 | D:11     | Killed a death knight
  7170 | D:11     | Killed a phantasmal warrior
  7213 | D:12     | Noticed a two-headed ogre
  7227 | D:12     | Killed a two-headed ogre
  7273 | D:12     | Noticed a two-headed ogre
  7289 | D:12     | Killed a two-headed ogre
  7395 | D:12     | Noticed a purple ugly thing
  7405 | D:12     | Killed a purple ugly thing
  7405 | D:12     | Reached XP level 12. HP: 110/110 MP: 4/4
  7417 | D:12     | Identified the +2 robe "Qurhok" {rElec Slay+3}
  7417 | D:12     | Noticed Erolcha
  7429 | D:12     | Found a runed translucent door.
  7433 | D:12     | Noticed Flugslaktarn's ghost (journeyman DDFi)
  7435 | D:12     | Killed Erolcha
  7917 | D:13     | Found a gate to the Vaults.
  7917 | D:13     | Noticed an ironheart preserver
  7937 | D:13     | Killed an ironheart preserver
  7937 | D:13     | Reached skill level 13 in Axes
  7937 | D:13     | Reached skill level 10 in Armour
  8005 | D:13     | Reached skill level 10 in Shields
  8023 | D:13     | Noticed a two-headed ogre
  8032 | D:13     | Killed a two-headed ogre
  8032 | D:13     | Reached skill level 10 in Invocations
  8040 | D:13     | Reached ***** piety under Makhleb
  8090 | D:13     | Noticed a death knight
  8106 | D:13     | Killed a death knight
  8122 | D:13     | Noticed a centaur warrior
  8141 | D:13     | Killed a centaur warrior
  8220 | D:13     | Noticed a centaur warrior
  8243 | D:13     | Killed a centaur warrior
  8336 | D:13     | Noticed a centaur warrior
  8354 | D:13     | Killed a centaur warrior
  8500 | D:13     | Noticed a centaur warrior
  8513 | D:13     | Killed a centaur warrior
  8555 | D:13     | Noticed a tengu warrior
  8558 | D:13     | Noticed a tengu warrior
  8585 | D:13     | Killed a tengu warrior
  8585 | D:13     | Reached XP level 13. HP: 89/120 MP: 7/7
  8844 | D:13     | Reached skill level 14 in Axes
  8943 | D:14     | You fall into a shaft and drop 1 floor!
  8943 | D:15     | Entered Level 15 of the Dungeon
  8943 | D:15     | Found a snail-covered altar of Cheibriados.
  9467 | D:15     | Noticed a fire dragon
  9468 | D:15     | Noticed a fire dragon
  9490 | D:15     | Found a staircase to the Depths.
  9493 | D:15     | Killed a fire dragon
  9493 | D:15     | Killed a fire dragon
  9672 | D:14     | Noticed a fire dragon
  9695 | D:14     | Killed a fire dragon
  9826 | D:14     | Reached ****** piety under Makhleb
  9856 | D:14     | Found a transporter.
  9871 | D:14     | Found a transporter.
 10012 | D:14     | Noticed Flugslaktarn's ghost (journeyman DDFi)
 10488 | Lair:1   | Entered Level 1 of the Lair of Beasts
 10495 | Lair:1   | Identified a scroll of acquirement
 10496 | Lair:1   | Identified the amulet of Voad {Gourm Str+2 Int+3 SInv
                  | Stlth+} (You acquired it on level 1 of the Lair of Beasts)
 10496 | Lair:1   | Identified the +1 plate armour "Hohung" {Dex+7} (You
                  | acquired it on level 1 of the Lair of Beasts)
 11345 | Lair:3   | Gained mutation: You resist negative energy. (rN+) [Deep
                  | Dwarf growth]
 11345 | Lair:3   | Reached XP level 14. HP: 130/130 MP: 8/8
 11411 | Lair:3   | Reached skill level 15 in Axes
 11576 | Lair:3   | Found a dark tunnel.
 11793 | Lair:3   | Got a pair of fine gloves
 11799 | Lair:3   | Identified the +3 pair of gloves "Efului" {Slay+2 Stlth+}
                  | (You found it on level 3 of the Lair of Beasts)
 12153 | Lair:4   | Noticed Nessos
 12180 | Lair:4   | Killed Nessos
 12373 | Lair:4   | Found a staircase to the Shoals.
 12451 | Lair:4   | Found a staircase to the Snake Pit.
 12462 | Snake:1  | Entered Level 1 of the Snake Pit
 12483 | Snake:1  | Reached skill level 10 in Fighting
 12536 | Snake:1  | Found Qeitaen's Armour Shoppe.
 12544 | Snake:1  | Bought the +1 gold dragon scales of Wu Jian's Regard {rPois
                  | rF+ rC+ Dex+2} for 1346 gold pieces
 12598 | Snake:1  | Noticed Aizul
 12654 | Snake:1  | HP: 5/132 [Aizul (7)]
 12666 | Snake:1  | Killed Aizul
 13006 | Snake:4  | Entered Level 4 of the Snake Pit
 13095 | Snake:4  | Reached skill level 16 in Axes
 13106 | Snake:4  | Reached skill level 15 in Invocations
 13123 | Snake:4  | Noticed a nagaraja
 13125 | Snake:4  | Noticed a nagaraja
 13125 | Snake:4  | Noticed a nagaraja
 13125 | Snake:4  | Noticed a nagaraja
 13133 | Snake:4  | Noticed a nagaraja
 13139 | Snake:4  | Reached XP level 15. HP: 139/140 MP: 8/8
 13143 | Snake:4  | Noticed a nagaraja
 13146 | Snake:4  | Killed a nagaraja
 13146 | Snake:4  | Killed a nagaraja
 13146 | Snake:4  | Killed a nagaraja
 13151 | Snake:4  | Killed a nagaraja
 13169 | Snake:4  | Killed a nagaraja
 13179 | Snake:4  | Killed a nagaraja
 13210 | Snake:4  | Reached skill level 17 in Axes
 13269 | Snake:4  | Noticed a nagaraja
 13290 | Snake:4  | Killed a nagaraja
 13295 | Snake:4  | Got a serpentine rune of Zot
 13297 | Snake:4  | Noticed Louise
 13318 | Snake:4  | Identified a +1 pair of boots of running (You found it on
                  | level 4 of the Snake Pit)
 13577 | Shoals:1 | Entered Level 1 of the Shoals
 13736 | Shoals:1 | Found Wixeu's Book Boutique.
 13781 | Shoals:1 | Reached XP level 16. HP: 130/151 MP: 9/9
 13846 | Shoals:1 | Noticed Rijenev's ghost (journeyman MiFi)
 13945 | Shoals:2 | Noticed Polyphemus
 13973 | Shoals:2 | Slain by a merfolk impaler

Levels and vault maps discovered:
D:1:      enne_arrival_octagon_isle, layout_rooms,
          minmay_misc_feat_secret_circle
D:2:      layout_loops_corners, overflow_temple_1_default
D:3:      layout_loops_ring, lemuel_crystal_altar, marbit_many_paths,
          lemuel_doored_altar, minmay_misc_feat_five, uniq_robin
D:4:      layout_basic, lemuel_crystal_altar, first_ration
D:5:      layout_rooms, kennysheep_slug_shrine, grunt_dithmenos_smoke
D:6:      layout_basic, lemuel_crystal_altar, minmay_temple_entry_wispy,
          gup_sewer_entry_bubbles, nemelex_spade_bored_becter
D:7:      layout_cave_pools, lightli_bailey_entry_fortress
D:8:      layout_basic, enter_ossuary_2
D:9:      layout_cave_pools, overflow_temple_1_default,
          okawaru_ov_weapons_minmay, basic_altar, minmay_shop_grid_forest
D:10:     layout_rooms, minmay_orc_entry_temple_small,
          hangedman_little_slice_of_home
D:11:     layout_irregular_city, dpeg_oklobed_lair
D:12:     layout_roguey, gammafunk_ghost_grave, lemuel_old_faithful,
          uniq_erolcha
D:13:     layout_cave_pods, skrybe_vaults_entry_preservation, special_room
          [special_room_bee]
D:14:     layout_irregular_city, gammafunk_ghost_hive,
          chequers_serial_rivers_micro_d, minmay_librarian
D:15:     grunt_enter_depths_hoard, layout_rooms, lemuel_round_altar
Temple:   cyrus_circular_temple
Lair:1:   layout_small_grid, beast_lair_carwin_9, uniq_joseph
Lair:2:   lemuel_slime, layout_regular_city
Lair:3:   layout_loops_ring, enter_volcano_2, beast_lair_carwin_10,
          grunt_megastairs_3, lemuel_fruit_tree, infiniplex_staircase_pool
Lair:4:   layout_roguey, minmay_shoals_entry_hut,
          minmay_snake_entry_guardpost_medium, serial_rivers,
          chequers_serial_rivers_micro_e, chequers_serial_rivers_marsh,
          chequers_serial_rivers_small_b, chequers_serial_rivers_small_3,
          uniq_nessos, uniq_kirke
Shoals:1: layout_shoals, serial_shops, shop, gammafunk_ghost_arena
Shoals:2: layout_shoals, nicolae_shoals_kraken_party, uniq_polyphemus
Snake:1:  layout_cave_shapes, serial_shops, shop, minmay_shop_grove,
          uniq_rupert, uniq_aizul
Snake:2:  layout_chambers
Snake:3:  layout_grid_maze, st_stairs_7
Snake:4:  snake_pit, layout_onion, serial_bayou_shore_b, serial_bayou_shore_b,
          uniq_vashnia, uniq_louise

Skill      XL: |  1  2  3  4  5  6  7  8  9 10 11 12 13 14 15 |
---------------+----------------------------------------------+-----
Fighting       | 3 4 5 6 7 8 9 10 11 | 11.6
Axes           | 3 4 5 6 8 10 11 12 13 14 16 17 | 17.8
Armour         | 4 5 6 7 8 9 10 11 12 13 | 13.5
Shields        | 4 5 6 7 8 9 10 11 12 13 | 13.5
Invocations    | 5 8 11 13 15 | 15.0

Action                   |  1- 3 |  4- 6 |  7- 9 | 10-12 | 13-15 | 16-18 || total
-------------------------+-------+-------+-------+-------+-------+-------++-------
Melee: War axe           |    55 |   145 |   132 |       |       |       ||   332
       Hand axe          |       |       |   209 |       |    14 |       ||   223
       Headbutt          |       |       |    40 |   149 |   259 |    25 ||   473
       Broad axe         |       |       |    86 |   709 |  1048 |   109 ||  1952
Invok: Lesser Servant of |       |       |       |     5 |       |       ||     5
 Abil: Heal Wounds       |     1 |     5 |    17 |    19 |    10 |     3 ||    55
Evoke: Wand              |       |       |     5 |       |       |       ||     5
  Use: Potion            |       |       |     3 |     1 |     6 |     4 ||    14
       Scroll            |       |       |    17 |     4 |    13 |     3 ||    37
 Stab: Sleeping          |       |       |     7 |       |       |       ||     7
       Paralysed         |       |       |     6 |       |       |       ||     6
       Invisible         |       |       |       |    11 |       |       ||    11
       Distracted        |       |       |       |     1 |       |       ||     1
       Petrified         |       |       |       |       |       |     2 ||     2
  Eat: Chunk             |       |     2 |     8 |    18 |    16 |       ||    44
       Ration            |       |       |     1 |       |     1 |       ||     2
Armor: Scale mail        |    17 |    13 |       |       |       |       ||    30
       Plate armour      |       |    53 |   458 |   503 |   419 |       ||  1433
       Gold dragon scale |       |       |       |       |   396 |   241 ||   637
Dodge: Dodged            |    17 |    34 |   151 |   179 |   236 |    61 ||   678
Block: Kite shield       |    32 |    79 |   458 |   509 |   810 |   198 ||  2086

Table legend:
 A = Non-vault XP
 B = Vault XP
 C = Vault XP percentage of total XP
 D = Non-vault monster count
 E = Vault monster count
 F = Vault count percentage of total count
                 A         B        C        D         E       F
            +---------+---------+-------+---------+---------+-------
      Total |  110074 |   56728 |  34.0 |     490 |     208 |  29.8
            +---------+---------+-------+---------+---------+-------
        D:1 |      14 |       0 |   0.0 |       7 |       0 |   0.0
        D:2 |       3 |       0 |   0.0 |       1 |       0 |   0.0
        D:3 |      47 |      29 |  38.2 |      20 |       8 |  28.6
        D:4 |     318 |       0 |   0.0 |      15 |       0 |   0.0
        D:5 |     758 |       4 |   0.5 |      30 |       1 |   3.2
        D:6 |     591 |      28 |   4.5 |      18 |       5 |  21.7
        D:7 |     406 |      65 |  13.8 |      13 |      12 |  48.0
        D:8 |    2813 |       0 |   0.0 |      30 |       0 |   0.0
        D:9 |    1221 |       0 |   0.0 |      20 |       0 |   0.0
       D:10 |    2209 |    1078 |  32.8 |      29 |      20 |  40.8
       D:11 |    5408 |     474 |   8.1 |      52 |       1 |   1.9
       D:12 |    6849 |     464 |   6.3 |      29 |       1 |   3.3
       D:13 |    9351 |    7656 |  45.0 |      26 |      33 |  55.9
       D:14 |    7329 |     576 |   7.3 |      23 |       1 |   4.2
       D:15 |    8136 |    2131 |  20.8 |      27 |       2 |   6.9
     Lair:1 |     409 |       0 |   0.0 |       3 |       0 |   0.0
     Lair:2 |    2540 |     695 |  21.5 |      11 |      21 |  65.6
     Lair:3 |    2116 |    2625 |  55.4 |      12 |      13 |  52.0
     Lair:4 |    2551 |    2728 |  51.7 |      12 |       9 |  42.9
   Shoals:1 |   21118 |       0 |   0.0 |      42 |       0 |   0.0
   Shoals:2 |    2612 |       0 |   0.0 |       6 |       0 |   0.0
    Snake:1 |   11954 |    1742 |  12.7 |      21 |       1 |   4.5
    Snake:2 |    3934 |       0 |   0.0 |       8 |       0 |   0.0
    Snake:3 |    5606 |     828 |  12.9 |      10 |       1 |   9.1
    Snake:4 |   11781 |   33715 |  74.1 |      25 |      44 |  63.8
      Sewer |       0 |     141 | 100.0 |       0 |       6 | 100.0
    Ossuary |       0 |     265 | 100.0 |       0 |      13 | 100.0
     Bailey |       0 |    1484 | 100.0 |       0 |      16 | 100.0
            +---------+---------+-------+---------+---------+-------
